 Dungeon Sprint DCSS version 0.29-a0-1008-g949cc1d0fb (webtiles) character file.

Game seed: 16854288787827223330

2022 mhtbhm the Imperceptible (level 9, 0/69 HPs)
             Began as a Spriggan Brigand on Aug 7, 2022.
             Was a Priest of Dithmenos.
             Slain by a centaur warrior (3 damage)
             ... in the Dungeon (Sprint III: "The Ten Rune Challenge").
             The game lasted 00:02:35 (448 turns).

mhtbhm the Imperceptible (Spriggan Brigand)          Turns: 448, Time: 00:02:36

Health: 0/69       AC:  3    Str:  7    XL:     9   Next: 3%
Magic:  15/15      EV: 18    Int: 13    God:    Dithmenos [***...]
Gold:   30         SH:  0    Dex: 20    Spells: 8/8 levels left

rFire   . . .      SeeInvis +   a - +2 dagger (venom)
rCold   . . .      Faith    .   (no shield)
rNeg    . . .      Spirit   .   b - +0 robe
rPois   .          Reflect  .   (helmet restricted)
rElec   .          Harm     .   c - +0 cloak
rCorr   .          Rampage  .   (gloves unavailable)
Will    +....      NoTele   +   (boots unavailable)
Stlth   ..........              (no amulet)
HPRegen 0.21/turn               (no ring)
MPRegen 0.14/turn               (no ring)

@: berserking, wreathed by umbra, very quick
A: very small, no large weapons, unfitting armour, see invisible, speed 3
a: Renounce Religion, Shadow Step


You were in the Dungeon.
You worshipped Dithmenos.
Dithmenos was most pleased with you.
You visited 1 branch You collected 30 gold pieces.

Inventory:

Hand Weapons
 a - a +2 dagger of venom (weapon)
Missiles
 d - 9 poisoned darts (quivered)
 e - 3 curare-tipped darts
Armour
 b - a +0 robe (worn)
 c - a +0 cloak (worn)
Scrolls
 k - a scroll of blinking
 p - a scroll of torment {unknown}
 q - 3 scrolls of identify
 t - a scroll of immolation {unknown}
Potions
 f - 2 potions of curing
 h - a potion of haste
 i - 2 potions of magic
 l - 2 potions of might
 m - a potion of resistance {unknown}
 n - a potion of degeneration {unknown}
 o - 3 potions of mutation {unknown}
 r - a potion of ambrosia {unknown}
 s - 4 potions of flight
 v - a potion of lignification {unknown}
Miscellaneous
 u - a lightning rod (4/4)


   Skills:
 + Level 4.6 Fighting
 + Level 8.5 Short Blades
 + Level 5.9 Throwing
 + Level 3.2 Dodging
 + Level 23.1 Stealth
 * Level 7.4 Invocations


You had 8 spell levels left.
You didn't know any spells.
Your spell library contained the following spells:

 Spells                   Type           Power      Damage    Failure   Level
 Poisonous Vapours        Pois/Air       0%         N/A       43%         2
 Corpse Rot               Necr/Pois/Air  0%         N/A       97%         4


Dungeon Overview and Level Annotations

Branches:
Dungeon (1/1)

Altars:
Cheibriados
Dithmenos
Elyvilon
Fedhas
Gozag
Hepliaklqana
Kikubaaqudgha
Makhleb
Nemelex Xobeh
Okawaru
Qazlal
Ru
Sif Muna
Trog
Uskayaw
Vehumet
Wu Jian
Xom
Yredelemnul
Zin
The Shining One
Jiyva
Lugonu


Innate Abilities, Weirdness & Mutations

You are very small and have problems with some larger weapons.
You are too small for most types of armour.
You have supernaturally acute eyesight. (SInv)
You cover ground extremely quickly. (Speed+++)


Message History

You feel yourself moving faster!
You feel mighty! The centaur warrior hits you. The centaur warrior kicks you.
The centaur hits you. The centaur closely misses you.
You barely miss the centaur warrior.
The centaur warrior is lightly wounded.
You closely miss the centaur. The centaur warrior hits you!
* * * LOW HITPOINT WARNING * * *
The centaur warrior closely misses you. The centaur completely misses you. x2
You hit the centaur.
The centaur is poisoned.
The centaur is moderately wounded.
Unknown command.
You hit the centaur warrior.
The centaur warrior looks as sick as possible!
The centaur warrior is lightly wounded.
The centaur warrior barely misses you. The centaur warrior kicks you.
* * * LOW HITPOINT WARNING * * *
The centaur closely misses you. The centaur barely misses you.
Unknown command.
You puncture the centaur warrior!
The centaur warrior looks as sick as possible!
The centaur warrior is moderately wounded.
You closely miss the centaur warrior.
The centaur warrior is moderately wounded.
The centaur warrior hits you!
* * * LOW HITPOINT WARNING * * *
The centaur warrior kicks you but does no damage.
The centaur barely misses you.
The centaur kicks you but does no damage.
You barely miss the centaur warrior.
The centaur warrior is moderately wounded.
The centaur warrior barely misses you. The centaur warrior misses you.
You puncture the centaur warrior!
The centaur warrior looks as sick as possible!
The centaur warrior is heavily wounded.
The centaur misses you. x2
Unknown command.
You puncture the centaur warrior!
The centaur warrior is heavily wounded.
The centaur warrior closely misses you. The centaur warrior kicks you.
You die...

####### ___#__#
__)#._# '###)##
......# ......#
#####'#
__#...#+#############
__#...#..§§~'.#c@c§.+
__#...#.#§§~#.#§#§§.#
__#...'.#§§.#.#§#§§.#
__'...#.#.§.#...#c..#
▓▓▓▓▓▓▓▓▓▓▓▓▓▓▓▓▓▓▓▓#


You could see a centaur warrior (extremely poisoned) and a centaur (very
poisoned).

Vanquished Creatures
  Erica (D)
  A deep elf pyromancer (D)
  A shadow (D)
  A spatial vortex (D)
  A centaur (D)
  An earth elemental (D)
  A water elemental (D)
  A necrophage (D)
  A jelly (D)
  Crazy Yiuf (D)
  A wizard (D)
  Jessica (D)
  A necromancer (D)
  A kobold demonologist (D)
  3 humans (D)
  3 rats (D)
20 creatures vanquished.

Notes
Turn   | Place    | Note
-------+----------+-------------------------------------------
     0 | D        | mhtbhm the Spriggan Brigand began the quest for the Orb.
     0 | D        | Reached XP level 1. HP: 10/10 MP: 2/2
    12 | D        | Reached skill level 6 in Stealth
    37 | D        | Noticed Jessica
    42 | D        | Killed Jessica
    43 | D        | Reached skill level 9 in Stealth
    43 | D        | Reached XP level 2. HP: 16/16 MP: 3/3
    63 | D        | Reached skill level 10 in Stealth
    63 | D        | Reached XP level 3. HP: 19/19 MP: 4/4
   173 | D        | Noticed Crazy Yiuf
   176 | D        | Killed Crazy Yiuf
   177 | D        | Reached skill level 11 in Stealth
   177 | D        | Reached XP level 4. HP: 23/23 MP: 5/5
   201 | D        | Noticed a water elemental
   204 | D        | Killed a water elemental
   205 | D        | Reached skill level 13 in Stealth
   219 | D        | Found a shadowy altar of Dithmenos.
   219 | D        | Noticed a necrophage
   220 | D        | Found a basalt altar of Yredelemnul.
   220 | D        | Found a sacrificial altar of Ru.
   228 | D        | Killed a necrophage
   229 | D        | Reached skill level 5 in Short Blades
   229 | D        | Reached skill level 14 in Stealth
   229 | D        | Reached XP level 5. HP: 28/28 MP: 6/6
   231 | D        | Reached skill level 15 in Stealth
   238 | D        | Became a worshipper of Dithmenos the Shadowed
   294 | D        | Found a radiant altar of Vehumet.
   295 | D        | Found a shimmering blue altar of Sif Muna.
   295 | D        | Found an ancient bone altar of Kikubaaqudgha.
   297 | D        | Reached skill level 1 in Invocations
   299 | D        | Reached skill level 16 in Stealth
   316 | D        | Found a glowing silver altar of Zin.
   317 | D        | Found a glowing golden altar of the Shining One.
   317 | D        | Found a white marble altar of Elyvilon.
   317 | D        | Noticed a deep elf pyromancer
   319 | D        | Killed a deep elf pyromancer
   319 | D        | Reached * piety under Dithmenos
   320 | D        | Reached skill level 5 in Throwing
   320 | D        | Reached skill level 19 in Stealth
   320 | D        | Reached XP level 6. HP: 33/33 MP: 7/10
   320 | D        | Reached XP level 7. HP: 37/37 MP: 7/11
   329 | D        | Found a hide-covered altar of Uskayaw.
   329 | D        | Found an iron altar of Okawaru.
   330 | D        | Found a bloodstained altar of Trog.
   330 | D        | Found an ornate altar of the Wu Jian Council.
   330 | D        | Noticed a human
   330 | D        | Noticed a human
   332 | D        | Killed a human
   333 | D        | Reached skill level 20 in Stealth
   333 | D        | Reached skill level 5 in Invocations
   333 | D        | Killed a human
   334 | D        | Reached XP level 8. HP: 42/42 MP: 8/13
   384 | D        | Reached ** piety under Dithmenos
   389 | D        | Reached skill level 21 in Stealth
   390 | D        | Found a blossoming altar of Fedhas.
   390 | D        | Found a stormy altar of Qazlal.
   391 | D        | Found a snail-covered altar of Cheibriados.
   391 | D        | Found a burning altar of Makhleb.
   391 | D        | Found a hazy altar of Hepliaklqana.
   391 | D        | Found a shimmering altar of Xom.
   391 | D        | Found an opulent altar of Gozag.
   391 | D        | Found a sparkling altar of Nemelex Xobeh.
   391 | D        | Found a corrupted altar of Lugonu.
   391 | D        | Found a viscous altar of Jiyva.
   410 | D        | Noticed Erica
   413 | D        | Killed Erica
   414 | D        | Reached skill level 22 in Stealth
   423 | D        | Reached *** piety under Dithmenos
   424 | D        | Reached skill level 23 in Stealth
   429 | D        | Noticed a centaur warrior
   432 | D        | Reached XP level 9. HP: 25/46 MP: 15/15
   432 | D        | HP: 1/46 [centaur warrior/arrow (24)]
   445 | D        | HP: 3/69 [centaur warrior (8)]
   448 | D        | Slain by a centaur warrior

Illustrated notes

Levels and vault maps discovered:
D:        dungeon_sprint_mu [sprint_mu_entry_cave, sprint_mu_temple_rooms,
          sprint_mu_d1_horrors, sprint_mu_d2_genie, sprint_mu_d3_branching,
          sprint_mu_orc_legion, sprint_mu_elf_gauntlet, sprint_mu_hive_nellie,
          sprint_mu_lair_fedhas, sprint_mu_vaults_butterflies,
          sprint_mu_slime_circle, sprint_mu_shoals_archi,
          sprint_mu_snake_twists, sprint_mu_blade_basic, sprint_mu_crypt_lich,
          sprint_mu_tomb_spiral, sprint_mu_vestibule_basic,
          sprint_mu_gehenna_hellfire, sprint_mu_dis_giant,
          sprint_mu_tartarus_statrot, sprint_mu_cocytus_islands, sprint_mu_zot1]

Skill      XL: |  1  2  3  4  5  6  7  8 |
---------------+-------------------------+-----
Fighting       | 2 3 4 |  4.6
Stealth        | 9 10 11 14 19 20 23 | 23.1
Short Blades   | 3 5 6 7 8 |  8.5
Throwing       | 3 4 5 |  5.9
Dodging        | 2 3 |  3.2
Invocations    | 4 5 7 |  7.4

Action                   |  1- 3 |  4- 6 |  7- 9 || total
-------------------------+-------+-------+-------++-------
Melee: Dagger            |     5 |    12 |    18 ||    35
Throw: Dart              |     6 |       |       ||     6
  Use: Potion            |       |     1 |     2 ||     3
 Stab: Sleeping          |     4 |     4 |     8 ||    16
Armor: Robe              |       |       |     3 ||     3
Dodge: Dodged            |       |     1 |    15 ||    16

Table legend: (Time is in decaauts)
 A = Elapsed time spent in this place.
 B = Non-inter-level travel time spent in this place.
 C = Inter-level travel time spent in this place.
 D = Time resting spent in this place.
 E = Time spent auto-exploring this place.
 F = Levels seen in this place.
 G = Mean time per level.
                   A        B        C        D        E       F      G
               +--------+--------+--------+--------+--------+-----+--------+
         Total |    362 |    362 |      0 |    180 |     14 |   1 |  362.0 |
       Dungeon |    362 |    362 |      0 |    180 |     14 |   1 |  362.0 |
               +--------+--------+--------+--------+--------+-----+--------+

Top non-repeatable levels by time:
       D: 362 daAuts
